 Dungeon Crawl Stone Soup version 0.29-a0-1052-g6990b1bffc (webtiles) character file.

Game seed: 13553877093871592477

169 wingedge the Chopper (level 5, 0/46 HPs)
             Began as a Hill Orc Gladiator on Aug 17, 2022.
             Was a Follower of Beogh.
             Killed by divine providence
             ... invoked by an orc priest
              (9 damage)
             ... on level 3 of the Dungeon.
             The game lasted 00:16:42 (2762 turns).

wingedge the Chopper (Hill Orc Gladiator)           Turns: 2762, Time: 00:16:44

Health: 0/46       AC:  5    Str: 14 (17) XL:     5   Next: 50%
Magic:  5/5        EV: 10    Int:  6 (8)  God:    Beogh [*.....]
Gold:   169        SH:  7    Dex: 12 (14) Spells: 4/4 levels left

rFire   . . .      SeeInvis .   x - +2 hand axe (freeze)
rCold   . . .      Faith    .   o - +0 kite shield
rNeg    . . .      Spirit   .   b - +0 leather armour
rPois   .          Reflect  .   c - +0 helmet
rElec   .          Harm     .   (no cloak)
rCorr   .          Rampage  .   v - +0 pair of gloves
Will    .....                   (no boots)
Stlth   +.........              (no amulet)
HPRegen 0.15/turn               (no ring)
MPRegen 0.09/turn               (no ring)

@: brilliant
A: no striking features
a: Renounce Religion


You were on level 3 of the Dungeon.
You worshipped Beogh.
Beogh was aware of your devotion.
You visited 1 branch of the dungeon, and saw 4 of its levels.

You collected 190 gold pieces.
You spent 21 gold pieces at shops.

Inventory:

Hand Weapons
 a - a +0 war axe
 x - a +2 hand axe of freezing (weapon)
Missiles
 d - 2 throwing nets
 k - 2 atropa-tipped darts
 q - 4 boomerangs (quivered)
Armour
 b - a +0 leather armour (worn)
 c - a +0 helmet (worn)
 o - a +0 kite shield (worn)
 v - a +0 pair of gloves (worn)
Jewellery
 u - a +6 ring of strength
Scrolls
 f - a scroll of magic mapping {unknown}
 g - 4 scrolls of teleportation {unknown}
 i - a scroll of summoning {unknown}
 m - a scroll of poison {unknown}
 p - a scroll of enchant weapon {unknown}
 r - 2 scrolls of blinking {unknown}
 t - a scroll of immolation {unknown}
 w - 3 scrolls of identify {unknown}
Potions
 j - a potion of attraction {unknown}
 l - 2 potions of degeneration
 n - a potion of cancellation {unknown}
 s - a potion of flight {unknown}


   Skills:
 - Level 4.0 Fighting
 - Level 4.0 Axes
 + Level 2.1 Ranged Weapons
 - Level 3.0 Throwing
 - Level 3.0 Dodging
 - Level 1.0 Shields


You had 4 spell levels left.
You didn't know any spells.
Your spell library contained the following spells:

 Spells                   Type           Power      Damage    Failure   Level
 Apportation              Tloc           0%         N/A       91%         1
 Necrotise                Necr           0%         1d4       91%         1
 Summon Small Mammal      Summ           0%         N/A       91%         1


Dungeon Overview and Level Annotations

Branches:
Dungeon (4/15)
 Temple: D:4-7

Altars:
Ru

Shops:
D:1 ([*(*


Message History

Press: ? - help, Shift-Dir - straight line, f - orc priest
Aim: an orc priest, wielding a +0 club (62% to hit, chance to blind on hit: 83%)
You throw an atropa-tipped dart.
The atropa-tipped dart hits the orc priest.
The orc priest appears confused.
The orc priest seems less confused.
The orc priest barely misses you.
You hit the orc priest. You freeze the orc priest.
The orc priest is lightly wounded.
You block the orc priest's attack.
You catch the helpless orc priest completely off-guard!
You hit the orc priest. You freeze the orc priest.
The orc priest is moderately wounded.
The orc priest is no longer blind.
The orc priest miscasts a cantrip.
You see here an atropa-tipped dart.
The orc priest invokes the aid of Beogh against you.
Pain shoots through your body!
You closely miss the orc priest.
The orc priest is moderately wounded.
The orc priest mumbles some strange prayers to Beogh against you.
Beogh smites you!
It was a potion of degeneration.
There was something very wrong with that liquid.
You feel weakened.
You feel dopey.
You feel clumsy. The orc priest hits you with a +0 club.
* * * LOW HITPOINT WARNING * * *
It was a potion of brilliance.
You feel clever all of a sudden. The orc priest hits you with a +0 club.
* * * LOW HITPOINT WARNING * * *
Okay, then.
Throw: javelin
Press: ? - help, Shift-Dir - straight line, f - orc priest
Aim: an orc priest, wielding a +0 club (moderately wounded, 60% to hit)
You throw a javelin.
The javelin closely misses the orc priest.
The orc priest mumbles some strange prayers to Beogh against you.
Beogh smites you!
You die...
Beogh appreciates the orc priest's killing of a heretic priest.

#..# ## .. . #..# .##
#. . ###..####.## #.#
#. .# ............
#..#.##.#
###..####.#####!#.#...
................#.#.###
###..####.............#
###(.#
#########(#.#.####
)....# #@.......####
####.# ###o#.#.#.....
#.# ........#..### ..
≈≈≈≈≈≈......# .#
####.## ....Kg≈.####.#
.# ...#.# ≈§≈§.§≈.≈.#
#[# .# ##.#.#
≈§≈.§.≈.≈.# #.# #.#
#.#.# ≈§§§§§§§≈.# #)#
#.# #.#.# ≈.§§..≈.≈.##
#.# #.#


You could see an orc priest, a gnoll and a kobold.

Vanquished Creatures
  An orc priest (D:3)
  Jessica (D:2)
  2 adders
  2 gnolls (D:3)
  A worm (D:2)
  3 dart slugs (D:1)
  8 orcs
  6 endoplasms
  3 giant cockroaches
  2 goblins (D:1)
  4 hobgoblins
  3 jackals (D:1)
  2 kobolds
  4 ball pythons
  6 bats
  5 frilled lizards
  5 rats
58 creatures vanquished.

Vanquished Creatures (others)
  An adder (D:2)
  An endoplasm (D:2)
  2 ball pythons (D:2)
  A kobold (D:2)
  A rat (D:2)
  2 fungi (D:3)
8 creatures vanquished.

Grand Total: 66 creatures vanquished

Notes
Turn   | Place    | Note
-------+----------+-------------------------------------------
     0 | D:1      | wingedge the Hill Orc Gladiator began the quest for the
                  | Orb.
     0 | D:1      | Reached XP level 1. HP: 18/18 MP: 1/1
    50 | D:1      | Found Asue's Antique Armour Shoppe.
   179 | D:1      | Reached XP level 2. HP: 26/26 MP: 2/2
   182 | D:1      | Found Lucun's Antique Weapon Shop.
   299 | D:1      | Found Cahauc's General Store.
   500 | D:1      | Found Aliorih's Assorted Antiques.
   580 | D:1      | Found Rixicreu's Weapon Emporium.
   588 | D:1      | Bought 3 atropa-tipped darts for 21 gold pieces
   770 | D:1      | Reached XP level 3. HP: 31/31 MP: 3/3
  1138 | D:2      | Became a worshipper of Beogh the Brigand
  1307 | D:2      | Noticed Jessica
  1348 | D:2      | Killed Jessica
  1349 | D:2      | Reached skill level 1 in Shields
  1349 | D:2      | Reached XP level 4. HP: 21/40 MP: 4/4
  1946 | D:3      | You fall into a shaft and drop 1 floor!
  2491 | D:3      | Reached XP level 5. HP: 37/46 MP: 5/5
  2501 | D:3      | Reached skill level 1 in Ranged Weapons
  2556 | D:3      | Found a sacrificial altar of Ru.
  2578 | D:3      | Reached * piety under Beogh
  2762 | D:3      | Killed from afar by an orc priest

Illustrated notes

Levels and vault maps discovered:
D:1:      dpeg_arrival_long_road, layout_loops_ring, serial_shops,
          nicolae_shop_hallway_plus, shop_statue,
          nicolae_shop_bloodbath_and_beyond, nicolae_shop_statue_plus,
          nicolae_diamond_shop
D:2:      layout_loops_ring, kennysheep_generic_room_11, uniq_jessica
D:3:      layout_loops_ring, mainiacjoe_overflow_concentric_impassable,
          roderic_nine_men_s_morris, minmay_misc_feat_five,
          uniq_crazy_yiuf_cottage
D:4:      layout_rooms, serial_glass, glass_columns_a, glass_columns_a,
          glass_columns_a, glass_columns_b, glass_columns_b, glass_columns_c,
          serial_shops, shop

Skill      XL: |  1  2  3  4  5 |
---------------+----------------+-----
Throwing       | 2 3 |  3.0
Fighting       | 3 4 |  4.0
Dodging        | 3 |  3.0
Shields        | 1 |  1.0
Ranged Weapons | 2 |  2.1
Axes           | |  4.0

Action                   |  1- 3 |  4- 6 || total
-------------------------+-------+-------++-------
Melee: War axe           |    84 |    68 ||   152
       Hand axe          |       |    13 ||    13
Throw: Throwing net      |     3 |     1 ||     4
       Dart              |     1 |     7 ||     8
       Javelin           |     1 |     1 ||     2
       Boomerang         |       |     5 ||     5
Invok: Convert to Beogh  |     1 |       ||     1
  Use: Potion            |       |     2 ||     2
 Stab: Invisible         |       |     3 ||     3
Armor: Leather armour    |    17 |    25 ||    42
Dodge: Dodged            |    46 |    31 ||    77
Block: Kite shield       |     9 |    33 ||    42

Table legend: (Time is in decaauts)
 A = Elapsed time spent in this place.
 B = Non-inter-level travel time spent in this place.
 C = Inter-level travel time spent in this place.
 D = Time resting spent in this place.
 E = Time spent auto-exploring this place.
 F = Levels seen in this place.
 G = Mean time per level.
                   A        B        C        D        E       F      G
               +--------+--------+--------+--------+--------+-----+--------+
         Total |   2835 |   2802 |     33 |    673 |   1279 |   4 |  708.8 |
       Dungeon |   2835 |   2802 |     33 |    673 |   1279 |   4 |  708.8 |
               +--------+--------+--------+--------+--------+-----+--------+

Top non-repeatable levels by time:
     D:1: 1086 daAuts
     D:2: 910 daAuts
     D:3: 832 daAuts
     D:4: 5 daAuts
